 Dungeon Crawl Stone Soup version 0.26.1-11-gd32895ea62 (webtiles) character file.

Game seed: 18017624785500878458

46 infcreate the Sneak (level 3, -9/20 HPs)
             Began as a Vampire Enchanter on Apr 20, 2021.
             Mangled by Sigmund
             ... wielding a +0 scythe
              (11 damage)
             ... on level 2 of the Dungeon.
             The game lasted 00:03:28 (2139 turns).

infcreate the Sneak (Vampire Enchanter)             Turns: 2139, Time: 00:03:29

Health: -9/20      AC:  3    Str:  7    XL:     3   Next: 46%
Magic:  2/6        EV: 13    Int: 17    God:
Gold:   83         SH:  0    Dex: 15    Spells: 0/6 levels left

rFire    . . .     SeeInvis +   a - +1 dagger
rCold    + + .     Faith    .   (no shield)
rNeg     + + +     Spirit   .   b - +0 robe
rPois    ∞         Reflect  .   (no helmet)
rElec    .         Harm     .   d - +0 cloak
rCorr    .         Rampage  .   (no gloves)
Will     .....                  (no boots)
Stlth    +++++.....             (no amulet)
HPRegen  0.00/turn              (no ring)
MPRegen  0.10/turn              (no ring)

@: bloodless
A: fangs 3, see invisible, unbreathing
a: Bat Form, Revivify


You were on level 2 of the Dungeon.
You visited 1 branch of the dungeon, and saw 2 of its levels.

You collected 83 gold pieces.


Innate Abilities, Weirdness & Mutations

You do not regenerate when monsters are visible.
You are frail without blood (-20% HP).
You can heal yourself when you bite living creatures.
You are immune to poison.
You have razor-sharp teeth.
You have supernaturally acute eyesight. (SInv)
You can survive without breathing.


   Skills:
 + Level 0.5 Fighting
 * Level 2.0 Short Blades
 * Level 2.7 Dodging
 * Level 5.0 Stealth
 + Level 2.1 Spellcasting
 * Level 4.9 Hexes


You couldn't memorise any spells.
You knew the following spells:

 Your Spells              Type           Power        Failure   Level
c - Corona                Hex            20%          2%          1
e - Ensorcelled Hibernat  Hex/Ice        20%          11%         2
t - Confusing Touch       Hex            18%          8%          3

Your spell library contained the following spells:

 Spells                   Type           Power        Failure   Level
 Tukima's Dance           Hex            18%          8%          3
 Dazzling Flash           Conj/Hex       20%          21%         3

Inventory:

Hand Weapons
 a - a +1 dagger (weapon)
Armour
 b - a +0 robe (worn)
 d - a +0 cloak (worn)
Scrolls
 c - a scroll of blinking {unknown}
 f - a scroll of identify {unknown}
 h - 3 scrolls of remove curse {unknown}
 i - a scroll of teleportation {unknown}
 j - a scroll of fear
Potions
 e - a potion of degeneration {unknown}
 g - a potion of magic {unknown}
 k - 2 potions of lignification {unknown}
 l - 2 potions of ambrosia {unknown}

Dungeon Overview and Level Annotations

Branches:
Dungeon (2/15)

Altars:
Zin

Annotations:
D:2 Sigmund

# #..##### ####.#### #. #
#......# #.# #. # #.####.#
#.#########. # ###.####.#
###..(........ # #.....##.#
##...##########
###.#.#.##.########.....########
†....(...........##.............
.##.###.##.#.###<##.....########
.......†.....# #@###...>#
.#########.#.# #.@....#.# .
#.#.# ########.# . ###.##
#.#####.# . ##░░.## #.......# .
#.░.░.# #.####### #..░░.# #@#
#░░░)░# #.######## #░.░#
#.........


You could see Sigmund (confused).


Message History

Sigmund is lightly wounded.
Sigmund hits you with a +0 scythe!
* * * LOW HITPOINT WARNING * * *
You hit Sigmund but do no damage.
Sigmund is lightly wounded.
Sigmund misses you.
You closely miss Sigmund.
Sigmund is lightly wounded.
You hit Sigmund but do no damage.
Sigmund appears confused.
Sigmund is lightly wounded.
You hit Sigmund but do no damage.
Sigmund is lightly wounded.
You hit Sigmund.
Sigmund is lightly wounded.
You hit Sigmund.
Sigmund is lightly wounded.
Sigmund closely misses you.
You hit Sigmund.
Sigmund is moderately wounded.
You hit Sigmund but do no damage.
Sigmund is moderately wounded.
Sigmund hits you with a +0 scythe.
* * * LOW HITPOINT WARNING * * *
You hit Sigmund. You bite Sigmund, but do no damage.
Sigmund is moderately wounded.
You hit Sigmund.
Sigmund is heavily wounded.
Sigmund hits you with a +0 scythe!
Ouch! That really hurt!
You die...

Skill      XL: |  1  2  3 |
---------------+----------+-----
Short Blades   | 2 |  2.0
Stealth        | 5 |  5.0
Fighting       | |  0.5
Dodging        | |  2.7
Spellcasting   | |  2.1
Hexes          | |  4.9

Action                   || total
-------------------------++-------
Melee: Dagger            ||    73
       Bite              ||     2
 Cast: Corona            ||     7
       Ensorcelled Hiber ||     8
       Confusing Touch   ||     2
 Abil: Exsanguinate      ||     1
  Use: Scroll            ||     1
 Stab: Sleeping          ||    20
Armor: Robe              ||    11
Dodge: Dodged            ||    38

Levels and vault maps discovered:
D:1:      dpeg_arrival_lava_altar, layout_basic
D:2:      layout_loops_ring, marbit_many_paths, dk_vineyard_1,
          trog_three_pillars_becter, uniq_sigmund

Notes
Turn   | Place    | Note
-------+----------+-------------------------------------------
     0 | D:1      | infcreate the Vampire Enchanter began the quest for the
                  | Orb.
     0 | D:1      | Reached XP level 1. HP: 13/13 MP: 3/3
  1346 | D:2      | Reached XP level 2. HP: 15/15 MP: 5/5
  1389 | D:2      | Noticed Sigmund
  1419 | D:1      | Learned a level 2 spell: Ensorcelled Hibernation
  1540 | D:2      | Reached XP level 3. HP: 20/20 MP: 6/6
  1544 | D:2      | Learned a level 3 spell: Confusing Touch
  1628 | D:2      | Found a glowing silver altar of Zin.
  1740 | D:2      | Noticed a hornet
  1832 | D:2      | Reached skill level 2 in Short Blades
  1832 | D:2      | Reached skill level 5 in Stealth
  2137 | D:2      | HP: 2/20 [Sigmund/+0 scythe (3)]
  2139 | D:2      | Mangled by Sigmund

Vanquished Creatures
  2 adders (D:2)
  A dart slug (D:2)
  A ball python (D:2)
  A giant cockroach (D:1)
  4 goblins
  5 hobgoblins
  7 bats (D:2)
  2 kobolds
  3 rats
26 creatures vanquished.

Table legend: (Time is in decaauts)
 A = Elapsed time spent in this place.
 B = Non-inter-level travel time spent in this place.
 C = Inter-level travel time spent in this place.
 D = Time resting spent in this place.
 E = Time spent auto-exploring this place.
 F = Levels seen in this place.
 G = Mean time per level.
                   A        B        C        D        E       F      G
               +--------+--------+--------+--------+--------+-----+--------+
         Total |   2137 |   2045 |     92 |     41 |   1703 |   2 | 1068.5 |
       Dungeon |   2137 |   2045 |     92 |     41 |   1703 |   2 | 1068.5 |
               +--------+--------+--------+--------+--------+-----+--------+

Top non-repeatable levels by time:
     D:1: 1473 daAuts
     D:2: 663 daAuts

Table legend:
 A = Non-vault XP
 B = Vault XP
 C = Vault XP percentage of total XP
 D = Non-vault monster count
 E = Vault monster count
 F = Vault count percentage of total count
                 A         B        C        D         E       F
            +---------+---------+-------+---------+---------+-------
      Total |      65 |       2 |   3.0 |      25 |       1 |   3.8
            +---------+---------+-------+---------+---------+-------
        D:1 |      14 |       0 |   0.0 |       9 |       0 |   0.0
        D:2 |      51 |       2 |   3.8 |      16 |       1 |   5.9
            +---------+---------+-------+---------+---------+-------
